 Dungeon Crawl Stone Soup version 0.31-a0-675-g238779eb0a (webtiles) character file.

Game seed: 9026779810069212812

108 qw the Shooter (level 4, -1/28 HPs)
             Began as a Gargoyle Hunter on Sept 5, 2023.
             Slain by a gnoll
             ... wielding a +0 halberd
             ... led by a gnoll bouda
              (3 damage)
             ... on level 3 of the Dungeon.
             The game lasted 00:00:33 (1406 turns).

qw the Shooter (Gargoyle Hunter)                    Turns: 1406, Time: 00:00:34

Health: -1/28      AC:  6    Str: 14    XL:     4   Next: 87%
Magic:  4/4        EV: 11    Int: 10    God:
Gold:   71         SH:  0    Dex: 15    Spells: 3/3 levels left

rFire   . . .        g - +0 shortbow (heavy)
rCold   . . .        (shield currently unavailable)
rNeg    + . .        c - +0 leather armour
rPois   inf          (no helmet)
rElec   +            (no cloak)
rCorr   .            (no gloves)
SInv    .            (no boots)
Will    .....        (no amulet)
Stlth   ++           (no ring)
HPRegen 0.24/turn    (no ring)
MPRegen 0.09/turn

%: no passive effects
@: weakened
A: sickness immunity, AC +3, negative energy resistance 1, electricity
resistance, torment resistance 1, petrification resistance
a: no special abilities


You were on level 3 of the Dungeon.
You visited 1 branch of the dungeon, and saw 3 of its levels.

You collected 71 gold pieces.


Innate Abilities, Weirdness & Mutations

You are immune to sickness and miasma.
Your stone body is resilient. (AC +3)
You are immune to poison.
You resist negative energy. (rN+)
You are resistant to electric shocks. (rElec)
You are resistant to unholy torment.
You are immune to petrification.


   Skills:
 - Level 3.1 Fighting
 + Level 5.6 Ranged Weapons
 - Level 1.5 Dodging
 - Level 1.1 Stealth


You had 3 spell levels left.
You didn't know any spells.
Your spell library was empty.

Inventory:

Hand Weapons
 g - a +0 heavy shortbow (weapon)
Armour
 c - a +0 leather armour (worn)
Jewellery
 d - a ring of ice
Potions
 a - a potion of brilliance {unknown}
 b - a potion of attraction {unknown}
 f - a potion of heal wounds {unknown}
 h - a potion of enlightenment {unknown}

Dungeon Overview and Level Annotations

Branches:
Dungeon (3/15)

Altars:


Message History

The gnoll hits you with a +0 club.
1398 |||
Found retreat position at -6,0 (floor) with 0 blocking monsters and 2 monsters attacking at destination at distance 6
1398 ||| Stepping ~*~*~tactically~*~*~ (retreating).
A bat comes into view.
The gnoll attacks as it pursues you! The gnoll hits you with a +0 whip.
The bat moves out of view.
1399 |||
Found retreat position at -5,0 (floor) with 0 blocking monsters and 2 monsters attacking at destination at distance 5
1399 ||| Stepping ~*~*~tactically~*~*~ (retreating).
The gnoll shouts!
The gnoll hits you with a +0 whip.
1400 |||
Found retreat position at -4,0 (floor) with 0 blocking monsters and 2 monsters attacking at destination at distance 4
1400 ||| Stepping ~*~*~tactically~*~*~ (retreating).
1401 |||
Found retreat position at -3,0 (floor) with 0 blocking monsters and 2 monsters attacking at destination at distance 3 x2
1401 ||| RETREATING.
1402 |||
Found retreat position at -2,0 (floor) with 0 blocking monsters and 2 monsters attacking at destination at distance 2
1402 ||| Stepping ~*~*~tactically~*~*~ (retreating).
The gnoll is no longer moving quickly.
1403 |||
Found retreat position at -1,0 (floor) with 0 blocking monsters and 2 monsters attacking at destination at distance 1
1403 ||| Stepping ~*~*~tactically~*~*~ (retreating).
The gnoll attacks as it pursues you! The gnoll hits you with a +0 club.
The gnoll bouda gazes fiercely through you!
You feel as though you will be weak longer.
The gnoll closely misses you.
You shoot an arrow. The arrow hits the gnoll!
You kill the gnoll!
The gnoll bouda gazes fiercely through you!
You feel as though you will be weak longer.
The gnoll bouda prays to its god.
The gnoll bouda is healed somewhat.
You shoot an arrow.
The arrow hits the endoplasm but does no damage.
The gnoll hits you from afar with a +0 halberd!
The gnoll bouda barks out a call to the hunt!
The gnoll picks up the pace!
The endoplasm closely misses you.
You shoot an arrow. The arrow hits the endoplasm!
You kill the endoplasm!
The gnoll is no longer moving quickly.
The gnoll hits you from afar with a +0 halberd.
You die...

... ...## .. .. ###.
..### #.. .... #.# ...#
###########.##...#
#:...@)gg........###
#.#####g............
#.# ##.....##$..... #.#
#.....<.# ###.. #.#
##.......#
##.#............#
#######....###....###.#
#.<........# #....# .#
#.#####....# #.#.## .


You could see a gnoll bouda and 2 gnolls.

Vanquished Creatures
  Terence (D:2)
  2 adders (D:2)
  2 gnolls
  4 bats
  7 endoplasms
  A giant cockroach (D:1)
  7 hobgoblins
  4 jackals (D:2)
  3 kobolds
  A quokka (D:2)
  6 ball pythons
  7 frilled lizards
45 creatures vanquished.

Notes
Turn   | Place    | Note
-------+----------+-------------------------------------------
     0 | D:1      | qw the Gargoyle Hunter began the quest for the Orb.
     0 | D:1      | Reached XP level 1. HP: 12/12 MP: 1/1
     0 | D:1      | 0 ||| qw: Version: 0.3-a-75-g829b12e
     0 | D:1      | 0 ||| qw: Game counter: 150
     0 | D:1      | 0 ||| qw: Melee chars always use a shield: true
     0 | D:1      | 0 ||| qw: God list: Okawaru
     0 | D:1      | 0 ||| qw: Allow faded altars: false
     0 | D:1      | 0 ||| qw: Do Orc after clearing Dungeon:15 true
     0 | D:1      | 0 ||| qw: Do second Lair branch before Depths: true
     0 | D:1      | 0 ||| qw: Lair rune preference: random
     0 | D:1      | 0 ||| qw: Goals: Normal
     0 | D:1      | 0 ||| PLANNING D:1-11
   159 | D:1      | Reached XP level 2. HP: 15/17 MP: 2/2
   544 | D:1      | 544 ||| READING scroll labelled DIR FYPLERELUPP.
   545 | D:1      | 545 ||| READING scroll labelled TODELA IPLER.
   556 | D:1      | 556 ||| DROPPING scroll of butterflies.
   652 | D:2      | Reached XP level 3. HP: 15/21 MP: 3/3
   790 | D:2      | Reached skill level 5 in Ranged Weapons
   986 | D:2      | Reached skill level 3 in Fighting
  1084 | D:2      | Found a faded altar of an unknown god.
  1122 | D:2      | Reached XP level 4. HP: 28/28 MP: 4/4
  1131 | D:2      | Noticed Terence
  1141 | D:2      | Killed Terence
  1342 | D:2      | 1342 ||| READING scroll labelled FUZ ZEKAOCW.
  1343 | D:2      | 1343 ||| READING scroll labelled IJAFFO CALELU.
  1344 | D:2      | 1344 ||| READING scroll labelled TEMILL GIG OCO.
  1345 | D:2      | 1345 ||| READING scroll labelled XUTUECWUQAI.
  1397 | D:3      | 1397 ||| Stepping ~*~*~tactically~*~*~ (retreating).
  1398 | D:3      | 1398 ||| Stepping ~*~*~tactically~*~*~ (retreating).
  1399 | D:3      | 1399 ||| Stepping ~*~*~tactically~*~*~ (retreating).
  1400 | D:3      | 1400 ||| Stepping ~*~*~tactically~*~*~ (retreating).
  1401 | D:3      | 1401 ||| RETREATING.
  1402 | D:3      | 1402 ||| Stepping ~*~*~tactically~*~*~ (retreating).
  1403 | D:3      | 1403 ||| Stepping ~*~*~tactically~*~*~ (retreating).
  1403 | D:3      | HP: 7/28 [gnoll/+0 club[a gnoll bouda] (3)]
  1405 | D:3      | HP: 1/28 [gnoll/+0 halberd[a gnoll bouda] (7)]
  1406 | D:3      | Slain by a gnoll

Levels and vault maps discovered:
D:1:      heliophobic_arrival_enchanted_forest, layout_loops_ring
D:2:      layout_loops_ring, dreamdust_ecumenical_altar_statues,
          cheibrodos_gnoll_hut, uniq_terence
D:3:      layout_loops_ring

Skill      XL: |  1  2  3 |
---------------+----------+-----
Ranged Weapons | 5 |  5.6
Fighting       | 3 |  3.1
Dodging        | |  1.5
Stealth        | |  1.1

Action                     |  1- 3 |  4- 6 || total
---------------------------+-------+-------++-------
   Fire: Shortbow          |    96 |    32 ||   128
    Use: Scroll            |     2 |     4 ||     6
 Armour: Leather armour    |    28 |    19 ||    47
  Dodge: Dodged            |    35 |    16 ||    51

Table legend:
 A = Non-vault XP
 B = Vault XP
 C = Vault XP percentage of total XP
 D = Non-vault monster count
 E = Vault monster count
 F = Vault count percentage of total count
                 A         B        C        D         E       F
            +---------+---------+-------+---------+---------+-------
      Total |     103 |      54 |  34.4 |      41 |       4 |   8.9
            +---------+---------+-------+---------+---------+-------
        D:1 |      19 |       0 |   0.0 |      12 |       0 |   0.0
        D:2 |      66 |      54 |  45.0 |      25 |       4 |  13.8
        D:3 |      18 |       0 |   0.0 |       4 |       0 |   0.0
            +---------+---------+-------+---------+---------+-------
